 Dungeon Crawl Stone Soup version 0.30.1 (webtiles) character file.

Game seed: 10223793100811709581

140 GeoRichter the Shooter (level 4, 0/34 HPs)
             Began as a Demigod Hexslinger on July 13, 2023.
             Slain by an orc priest
             ... wielding a +0 mace
              (2 damage)
             ... on level 2 of the Dungeon.
             The game lasted 00:01:47 (1334 turns).

GeoRichter the Shooter (Demigod Hexslinger)         Turns: 1334, Time: 00:01:47

Health: 0/34       AC:  3    Str: 11    XL:     4   Next: 72%
Magic:  6/8        EV: 13    Int: 15    God:
Gold:   54         SH:  0    Dex: 24    Spells: 4/5 levels left

rFire   . . .        a - +1 sling
rCold   . . .        (no shield)
rNeg    . . .        c - +0 robe
rPois   .            (no helmet)
rElec   .            h - +0 cloak
rCorr   .            (no gloves)
SInv    .            (no boots)
Will    .....        (no amulet)
Stlth   ++           e - +6 ring of dexterity
HPRegen 0.25/turn    (no ring)
MPRegen 0.11/turn

%: no passive effects
@: no status effects
A: high MP 1, forlorn, divine attributes
a: no special abilities


You were on level 2 of the Dungeon.
You visited 1 branch of the dungeon, and saw 2 of its levels.

You collected 54 gold pieces.

Inventory:

Hand Weapons
 a - a +1 sling (weapon)
Armour
 c - a +0 robe (worn)
 h - a +0 cloak (worn)
   (You found it on level 1 of the Dungeon)
Jewellery
 e - a +6 ring of dexterity (left hand)
   (You found it on level 1 of the Dungeon)
Scrolls
 b - a scroll of poison {!r}
 d - 2 scrolls of amnesia {unknown}
 f - a scroll of noise {unknown}
 g - 4 scrolls of identify {unknown}
Potions
 j - a potion of curing {unknown}
 k - a potion of ambrosia {unknown}


   Skills:
 - Level 0.8 Fighting
 * Level 4.8 Ranged Weapons
 - Level 1.7 Dodging
 - Level 1.0 Spellcasting
 - Level 2.6 Hexes


You had 4 spell levels left.
You knew the following spells:

 Your Spells              Type           Power      Damage    Failure   Level
a - Slow                  Hex            32%        N/A       9%          1

Your spell library contained the following spells:

 Spells                   Type           Power      Damage    Failure   Level
 Inner Flame              Hex/Fire       4%         N/A       38%         3
 Portal Projectile        Hex/Tloc       8%         N/A       38%         3
 Cause Fear               Hex            4%         N/A       63%         4


Dungeon Overview and Level Annotations

Branches:
Dungeon (2/15) Zot: 10639


Innate Abilities, Weirdness & Mutations

You have an increased reservoir of magic. (+10% MP)
You shall have no god before yourself.
Your divine heritage dramatically boosts your attributes as you level up.


Message History

Press: ? - help, Q - select action, (/) - cycle Shift-Dir - straight line, f/p - orc priest
Aim: an orc priest, wielding a +0 short sword and wearing a +0 ring mail (moderately wounded, 69% to hit)
You shoot a sling bullet.
The sling bullet closely misses the orc priest.
The sling bullet closely misses the kobold.
The sling bullet hits the orc priest.
The orc priest is moderately wounded.
The orc priest hits you with a +0 short sword.
* * * LOW HITPOINT WARNING * * *
Fire: a) +1 sling
Press: ? - help, Q - select action, (/) - cycle Shift-Dir - straight line, f/p - orc priest
Aim: an orc priest, wielding a +0 short sword and wearing a +0 ring mail (moderately wounded, 69% to hit)
You shoot a sling bullet. The sling bullet hits the orc priest.
The orc priest is severely wounded.
The orc priest misses you.
Fire: a) +1 sling
Press: ? - help, Q - select action, (/) - cycle Shift-Dir - straight line, f/p - orc priest
Aim: an orc priest, wielding a +0 short sword and wearing a +0 ring mail (severely wounded, 69% to hit)
You shoot a sling bullet. The sling bullet hits the orc priest.
The orc priest is almost dead.
The orc priest hits you with a +0 short sword.
* * * LOW HITPOINT WARNING * * *
The orc priest looks braver for a moment.
Fire: a) +1 sling
Press: ? - help, Q - select action, (/) - cycle Shift-Dir - straight line, f/p - orc priest
Aim: an orc priest, wielding a +0 short sword and wearing a +0 ring mail (almost dead, 69% to hit)
You shoot a sling bullet. The sling bullet hits the orc priest.
You kill the orc priest!
The orc priest invokes the aid of Beogh against you.
Beogh smites you!
* * * LOW HITPOINT WARNING * * *
Fire: a) +1 sling
Press: ? - help, Q - select action, (/) - cycle Shift-Dir - straight line, f - kobold
Aim: a kobold, wielding a +0 dagger and quivering stones (moderately wounded, 59% to hit)
You shoot a sling bullet.
The sling bullet hits the kobold but does no damage.
The kobold is moderately wounded.
The kobold misses you.
Fire: a) +1 sling
Press: ? - help, Q - select action, (/) - cycle Shift-Dir - straight line, f/p - kobold
Aim: a kobold, wielding a +0 dagger and quivering stones (moderately wounded, 59% to hit)
You shoot a sling bullet. The sling bullet hits the kobold.
You kill the kobold!
Fire: a) +1 sling
Press: ? - help, Q - select action, (/) - cycle Shift-Dir - straight line, f - orc priest
Aim: an orc priest, wielding a +0 mace (moderately wounded, 65% to hit)
You shoot a sling bullet. The sling bullet hits the orc priest.
The orc priest is heavily wounded.
The orc priest hits you with a +0 mace.
You die...

##### ###
#.#.##########.#
#.#............#
#.#.##########.#####
#.#.# #.#....
#.#.##########.#.###
#.................#.
#.#.#########.......
#.#@# ######.#..#. #.#o#
###.........#. #.#o#
#............. #.#.#
#............. #.#.#
#...##........
#####.#.###.............
#.......................
#####.#...#....#>.......
......................


You could see an orc priest and an orc.

Vanquished Creatures
  A hound (D:2)
  An orc priest (D:2)
  An iguana (D:2)
  A worm (D:2)
  3 dart slugs
  2 orcs (D:2)
  6 ball pythons
  2 endoplasms
  4 giant cockroaches
  2 goblins (D:1)
  4 hobgoblins
  7 bats
  2 frilled lizards (D:1)
  4 kobolds
  4 rats
44 creatures vanquished.

Notes
Turn   | Place    | Note
-------+----------+-------------------------------------------
     0 | D:1      | GeoRichter the Demigod Hexslinger began the quest for the
                  | Orb.
     0 | D:1      | Reached XP level 1. HP: 15/15 MP: 4/4
    10 | D:1      | Reached skill level 2 in Ranged Weapons
    84 | D:1      | Reached XP level 2. HP: 22/22 MP: 5/5
   275 | D:1      | Reached skill level 3 in Ranged Weapons
   742 | D:2      | Reached XP level 3. HP: 16/27 MP: 2/6
   822 | D:2      | Reached skill level 4 in Ranged Weapons
   822 | D:2      | Reached XP level 4. HP: 18/34 MP: 8/8
  1331 | D:2      | HP: 1/34 [orc priest/divine providence (9)]
  1334 | D:2      | Slain by an orc priest

Illustrated notes

Levels and vault maps discovered:
D:1:      scummos_arrival_hexagon, layout_basic
D:2:      layout_basic, ebering_ecumenical_altar_mist

Skill      XL: |  1  2  3 |
---------------+----------+-----
Ranged Weapons | 2 3 4 |  4.8
Fighting       | |  0.8
Dodging        | |  1.7
Spellcasting   | |  1.0
Hexes          | |  2.6

Action                     |  1- 3 |  4- 6 || total
---------------------------+-------+-------++-------
   Fire: Sling             |    71 |    48 ||   119
   Cast: Slow              |     4 |     4 ||     8
    Use: Potion            |       |     1 ||     1
 Armour: Robe              |     7 |     8 ||    15
  Dodge: Dodged            |    15 |    15 ||    30
